 Dungeon Crawl Stone Soup version 0.30.0 (webtiles) character file.

Game seed: 14412460269989285226

204250 ultrashaft the Warrior (level 18, -5/122 HPs)
             Began as a Gargoyle Earth Elementalist on Oct 16, 2023.
             Was a High Priest of Sif Muna.
             Slain by a +0 mace of protection (8 damage)
             ... animated by Zenata
             ... on level 1 of the Vaults.
             The game lasted 01:13:25 (48045 turns).

ultrashaft the Warrior (GrEE)                      Turns: 48045, Time: 01:13:25

Health: -5/122     AC: 22    Str:  7    XL:     18   Next: 64%
Magic:  8/37       EV:  9    Int: 31    God:    Sif Muna [*****.]
Gold:   2394       SH: 13    Dex: 19    Spells: 4/48 levels left

rFire   + + .        K - +1 flail of Gahic {freeze, rC- Int+3 Dex+3}
rCold   . . .        Y - +0 kite shield
rNeg    + + .        L - +0 robe {Will+}
rPois   ∞            Q - +2 hat {SInv}
rElec   +            u - +1 cloak
rCorr   +            F - +2 pair of gloves
SInv    +            (no boots)
Will    +++..        S - amulet of Suamal {Reflect Dex+3 Slay+5 SH+5 Stlth+}
Stlth   +++          f - ring "Qelapt" {rF++ rN+ rCorr Str-5 Int+4}
HPRegen 0.40/turn    n - ring "Igec" {rC+ Will+ Dex+3 SInv}
MPRegen 0.25/turn

%: reflection
@: about to teleport, channelling, flying, very slightly contaminated, studying
Unarmed Combat
A: sickness immunity, AC +13, big wings, negative energy resistance 1,
electricity resistance, torment resistance 1, petrification resistance
}: 1/15 runes: barnacled
a: Renounce Religion, Channel Magic, Forget Spell, Divine Exegesis


You were on level 1 of the Vaults.
You worshipped Sif Muna.
Sif Muna was extremely pleased with you.
You visited 7 branches of the dungeon, and saw 29 of its levels.
You also visited: Sewer and Gauntlet.

You collected 4098 gold pieces.
You spent 1704 gold pieces at shops.

Inventory:

Hand Weapons
 K - the +1 flail of Gahic (weapon) {freeze, rC- Int+3 Dex+3}
   (You found it on level 4 of the Lair of Beasts)

   Int:       It affects your intelligence (+3).
   Dex:       It affects your dexterity (+3).
   rC:        It makes you vulnerable to cold.
Missiles
 a - 4 throwing nets
Armour
 u - a +1 cloak (worn)
 z - the +2 robe of Moral Flaws {Regen+ Dex+4 SInv}
   (You found it on level 12 of the Dungeon)

   Dex:       It affects your dexterity (+4).
   SInv:      It lets you see invisible.
   Regen:     It increases your rate of health regeneration.
 F - a +2 pair of gloves (worn)
 L - a +0 robe of willpower (worn)
 Q - a +2 hat of see invisible (worn)
 Y - a +0 kite shield (worn)
Jewellery
 c - a ring of magical power
 f - the ring "Qelapt" (left hand) {rF++ rN+ rCorr Str-5 Int+4}
   (You acquired it on level 6 of the Dungeon)

   [ring of resist corrosion]

   Str:       It affects your strength (-5).
   Int:       It affects your intelligence (+4).
   rF:        It greatly protects you from fire.
   rN:        It protects you from negative energy.
   rCorr:     It protects you from acid and corrosion.
 n - the ring "Igec" (right hand) {rC+ Will+ Dex+3 SInv}
   (You found it on level 2 of the Dungeon)

   [ring of willpower]

   Dex:       It affects your dexterity (+3).
   rC:        It protects you from cold.
   SInv:      It lets you see invisible.
   Will:      It increases your willpower.
 q - a ring of willpower
 M - the ring "Nuguvyze" {+Blink Fly Int+6 Slay-5 Stlth+}
   (You found it in a Gauntlet)

   [ring of intelligence]

   Int:       It affects your intelligence (+6).
   Slay:      It affects your accuracy & damage with ranged weapons and melee
   (-5).
   Fly:       It grants you flight.
   +Blink:    It lets you blink.
   Stlth:     It makes you more stealthy.
 O - the ring of Qylyitsu {rN+ SInv}
   (You found it on level 3 of the Shoals)

   [ring of see invisible]

   rN:        It protects you from negative energy.
   SInv:      It lets you see invisible.
 S - the amulet of Suamal (around neck) {Reflect Dex+3 Slay+5 SH+5 Stlth+}
   (You found it in a Gauntlet)

   [amulet of reflection]

   It reflects blocked missile attacks.
   Dex:       It affects your dexterity (+3).
   Slay:      It affects your accuracy & damage with ranged weapons and melee
   (+5).
   SH:        It affects your SH (+5).
   Stlth:     It makes you more stealthy.
 U - a ring of wizardry
Wands
 j - a wand of digging (18)
 C - a wand of acid (28)
 T - a wand of flame (12)
 V - a wand of iceblast (20)
 W - a wand of charming (4)
Scrolls
 e - 5 scrolls of teleportation
 k - 11 scrolls of identify
 m - a scroll of silence
 o - 2 scrolls of summoning
 p - 6 scrolls of magic mapping
 r - 5 scrolls of enchant armour
 w - 4 scrolls of enchant weapon
 x - 7 scrolls of amnesia
 y - 3 scrolls of brand weapon
 B - 5 scrolls of fog
 G - a scroll of vulnerability
 N - 2 scrolls of poison
 P - 2 scrolls of fear
 R - a scroll of immolation
Potions
 b - 5 potions of cancellation
 d - 8 potions of might
 g - a potion of lignification
 h - 6 potions of mutation
 i - 4 potions of attraction
 l - 16 potions of curing
 s - 7 potions of brilliance
 t - 3 potions of magic
 v - 5 potions of heal wounds
 A - 3 potions of haste
 E - 2 potions of resistance
 H - a potion of invisibility {unknown}
 I - 2 potions of berserk rage
 J - a potion of flight
 Z - a potion of ambrosia
Miscellaneous
 D - a tin of tremorstones (2/2)
 X - a lightning rod (4/4)


   Skills:
 - Level 16.5 Fighting
 - Level 2.0 Maces & Flails
 - Level 1.5 Dodging
 - Level 2.1 Stealth
 * Level 1.2 Shields
 - Level 15.5 Spellcasting
 + Level 13.7 Conjurations
 - Level 3.0 Transmutations
 - Level 4.8 Fire Magic
 + Level 15.1 Earth Magic
 - Level 10.1 Poison Magic
 + Level 14.8 Invocations


You had 4 spell levels left.
You knew the following spells:

 Your Spells              Type           Power      Damage    Failure   Level
a - Sandblast             Erth           100%       2d20      1%          1
b - Stone Arrow           Conj/Erth      100%       3d13      1%          3
c - Petrify               Tmut/Erth      69%        N/A       3%          4
d - Olgreb's Toxic Radia  Pois           72%        N/A       2%          4
e - Poisonous Vapours     Pois/Air       100%       N/A       2%          2
f - Ignite Poison         Fire/Tmut/Pois 57%        N/A       3%          3
g - Iskenderun's Battles  Conj           83%        2d13      1%          5
h - Lehudib's Crystal Sp  Conj/Erth      42%        10d10     94%         8
i - Mephitic Cloud        Conj/Pois/Air  65%        N/A       1%          3
j - Lee's Rapid Deconstr  Erth           43%        3d21*     1%          5
k - Iron Shot             Conj/Erth      42%        9d8       6%          6

Your spell library contained the following spells:

 Spells                   Type           Power      Damage    Failure   Level
 Kiss of Death            Conj/Necr      100%       2d13      1%          1
 Magic Dart               Conj           100%       1d8       1%          1
 Shock                    Conj/Air       100%       1d9       1%          1
 Sting                    Tmut/Pois      100%       1d8       1%          1
 Momentum Strike          Conj/Tloc      100%       3d10      1%          2
 Passwall                 Tmut/Erth      57%        N/A       1%          2
 Searing Ray              Conj           100%       2d8       1%          2
 Static Discharge         Conj/Air       100%       2-7/arc   1%          2
 Dazzling Flash           Conj/Hex       100%       N/A       2%          3
 Spider Form              Tmut/Pois      60%        N/A       3%          3
 Flame Wave               Conj/Fire      69%        2d16      3%          4
 Sticky Flame             Conj/Fire      69%        2d8       3%          4
 Beastly Appendage        Tmut           84%        N/A       4%          1
 Wereblood                Tmut           42%        N/A       6%          2
 Animate Armour           Summ/Erth      100%       N/A       6%          4
 Fulminant Prism          Conj/Hex       30%        3d16      9%          4
 Iskenderun's Mystic Bla  Conj/Tloc      61%        2d13      9%          4
 Apportation              Tloc           48%        N/A       14%         1
 Necrotise                Necr           96%        1d8       14%         1
 Summon Small Mammal      Summ           96%        N/A       14%         1
 Inner Flame              Hex/Fire       39%        N/A       16%         3
 Volatile Blastmotes      Fire/Tloc      78%        2d16      16%         3
 Blink                    Tloc           48%        N/A       22%         2
 Lesser Beckoning         Tloc           48%        N/A       22%         2
 Frozen Ramparts          Ice            48%        1d8       41%         3
 Ozocubu's Armour         Ice            24%        N/A       41%         3
 Portal Projectile        Hex/Tloc       48%        N/A       41%         3
 Tukima's Dance           Hex            24%        N/A       41%         3
 Vhi's Electric Charge    Tloc/Air       48%        N/A       41%         3
 Ice Form                 Ice/Tmut       33%        N/A       61%         4
 Airstrike                Air            12%        2d(2-18)  82%         4
 Cause Fear               Hex            12%        N/A       82%         4
 Passage of Golubria      Tloc           24%        N/A       82%         4
 Summon Ice Beast         Ice/Summ       24%        N/A       82%         4
 Summon Lightning Spire   Summ/Air       24%        N/A       82%         4
 Irradiate                Conj/Tmut      33%        3d22      13%         5
 Arcjolt                  Conj/Air       30%        1d40      24%         5
 Alistair's Intoxication  Tmut/Pois      40%        N/A       26%         5
 Orb of Destruction       Conj           41%        9d11      38%         7
 Starburst                Conj/Fire      34%        6d10      43%         6
 Blade Hands              Tmut           21%        N/A       75%         5
 Conjure Ball Lightning   Conj/Air       30%        3x3d10    78%         6
 Silence                  Hex/Air        12%        N/A       99%         5
 Plasma Beam              Fire/Air       19%        2x1d34    100%        6
 Simulacrum               Ice/Necr       12%        N/A       100%        6
 Dragon Form              Tmut           21%        N/A       100%        7
 Malign Gateway           Summ/Tloc      12%        N/A       100%        7
 Ozocubu's Refrigeration  Ice            12%        4d10      100%        7
 Summon Hydra             Summ           12%        N/A       100%        7
 Ignition                 Fire           26%        3d9       100%        8
 Maxwell's Capacitive Co  Air            12%        ∞         100%        8
 Summon Horrible Things   Summ           12%        N/A       100%        8
 Chain Lightning          Conj/Air       30%        3d40      100%        9
 Dragon's Call            Summ           12%        N/A       100%        9
 Fire Storm               Conj/Fire      34%        8d9       100%        9
 Polar Vortex             Ice            12%        N/A       100%        9
 Cigotuvi's Dreadful Rot  Necr/Pois/Air  Unusable   N/A       N/A         2
 Sublimation of Blood     Necr           Unusable   N/A       N/A         2

Dungeon Overview and Level Annotations

Branches:
Dungeon (13/15)            Temple (1/1) D:5            Lair (5/5) D:8
 Shoals (4/4) Lair:3       Spider (3/4) Lair:3        Slime (0/5) Lair:4
    Orc (2/2) D:11            Elf (0/3) Orc:2        Vaults (1/5) D:13
  Sewer (visited)         Gauntlet (visited)

Altars:
Ashenzari
Cheibriados
Dithmenos
Elyvilon
Fedhas
Gozag
Hepliaklqana
Kikubaaqudgha
Makhleb
Nemelex Xobeh
Okawaru
Qazlal
Ru
Sif Muna
Trog
Uskayaw
Vehumet
Wu Jian
Xom
Yredelemnul
Zin
The Shining One
Jiyva

Shops:
D:7 *   D:8 *   Orc:2 !!=*   Shoals:1 (

Annotations:
D:3 2 transporters, rundlesten's ghost, amateur OpHW
Spider:3 Mara
Vaults:1 Zenata


Innate Abilities, Weirdness & Mutations

You are immune to sickness and miasma.
Your stone body is resilient. (AC +13)
You are immune to poison.
Your large and strong wings let you fly.
You resist negative energy. (rN+)
You are resistant to electric shocks. (rElec)
You are resistant to unholy torment.
You are immune to petrification.


Message History

Press: ? - help, Dir - move target, p - Zenata A stone wall, spattered with blood.
The wall shatters!
The blast of rock fragments hits Zenata!!
Zenata is heavily wounded.
The blast of rock fragments hits the +2 antimagic hand axe!!
You destroy the +2 antimagic hand axe!
The +2 antimagic hand axe disappears in a puff of smoke!
You hear a shout!
The +0 mace of protection hits you but does no damage.
You block the +2 mace of protection's attack.
Your battlesphere fires!
The barrage of energy hits the +2 mace of protection but does no damage.
The +2 glaive of protection hits you from afar!
The +0 mace of protection hits you!
The +2 antimagic glaive barely misses you.
The +2 mace of protection hits you.
The +2 glaive of protection hits you from afar.
The +0 mace of protection hits you but does no damage.
Zenata drinks a potion.
Zenata is healed!
You block the +2 mace of protection's attack.
The +2 antimagic glaive hits you!!
* * * LOW HITPOINT WARNING * * *
You feel your power leaking away.
The +2 antimagic glaive attacks as you move away!
You block the +2 antimagic glaive's attack.
The +0 mace of protection attacks as you move away!
The +0 mace of protection hits you!
* * * LOW HITPOINT WARNING * * *
You block the +2 mace of protection's attack.
The +2 antimagic glaive hits you from afar.
* * * LOW HITPOINT WARNING * * *
The +0 mace of protection hits you but does no damage.
The +2 mace of protection hits you.
* * * LOW HITPOINT WARNING * * *
The +2 glaive of protection hits you from afar!!
* * * LOW HITPOINT WARNING * * *
As you read the scroll of teleportation, it crumbles to dust.
You feel strangely unstable. The +0 mace of protection hits you!
You die...

#######.......# ###.....#
#.......#############'#####
#.......#......#......#
####
#.......'......#......#
...#
#.......#......#......#
...#
#.......#......'......#
...#
#.......#a((...#......#
...#
#.......#.((...'......#
...#
#.......#.@....########
...####...)...#......#
......#....)..#..*...#
......#.......#......#
.....)+.......#......#
#######.......#......#
#.).....########
#######.......#########
..#...#.......#.......#


You could see Zenata, 4 dancing weapons and a friendly battlesphere.

Vanquished Creatures
  Arachne (Spider:3)
  A tentacled monstrosity (Shoals:3)
  Gastronok (Lair:1)
  Kirke (D:12)
  An emperor scorpion (Spider:2)
  2 vault wardens (Vaults:1)
  4 ironbound preservers (Vaults:1)
  6 very ugly things (Vaults:1)
  A quicksilver ooze (Gauntlet)
  3 ironbound thunderhulks (Vaults:1)
  2 elemental wellsprings (Shoals:3)
  A minotaur (Gauntlet)
  3 dire elephants
  A spark wasp (Spider:2)
  8 merfolk javelineers
  A fire dragon (Lair:5)
  A yaktaur captain (Vaults:1)
  Josephine (Spider:1)
  2 great orbs of eyes
  7 merfolk impalers
  3 entropy weavers
  12 vault guards
  Erolcha (D:10)
  2 ironbound frosthearts (Vaults:1)
  A catoblepas (Lair:3)
  A jorogumo (Spider:3)
  2 centaur warriors (D:13)
  A merfolk avatar (Shoals:4)
  2 hydras (Lair:4)
  16 two-headed ogres
  4 ogre magi (Orc:2)
  7 death yaks
  A radroach (Spider:2)
  An alligator snapping turtle (Shoals:2)
  4 boulder beetles
  Erica (D:8)
  4 satyrs
  Nergalle (Lair:3)
  5 pharaoh ants
  4 skeletal warriors (D:13)
  7 skysharks
  8 sea snakes
  2 orb spiders
  8 deep trolls (Vaults:1)
  A wizard (Vaults:1)
  3 steelbarb worms
  An orc knight (Orc:2)
  An ironbound convoker (Vaults:1)
  15 lindwurms
  3 oklob plants (Lair:2)
  12 harpies
  A deep elf pyromancer (D:12)
  12 wolf spiders
  A cyclops (D:13)
  9 ugly things
  9 manticores
  17 fauns
  Joseph (D:7)
  12 elephants
  6 torpor snails
  3 vault sentinels (Vaults:1)
  5 demonic crawlers
  Maurice (D:10)
  6 black mambas
  2 apocalypse crabs (Shoals:3)
  4 merfolk sirens
  9 slime creatures
  19 water nymphs
  16 cane toads
  5 komodo dragons
  2 rime drakes
  2 yaktaurs
  4 tyrant leeches (Lair:5)
  A polar bear (Lair:4)
  5 wind drakes
  8 trolls
  10 hornets
  12 tarantellas
  28 merfolk
  2 raiju (Gauntlet)
  21 blink frogs
  11 dream sheep
  10 snapping turtles
  7 culicivoras
  4 flying skulls (Gauntlet)
  A vampire (D:13)
  Sigmund (D:2)
  10 jumping spiders
  5 wraiths (Spider:1)
  6 wyverns
  4 water elementals
  15 yaks
  2 basilisks
  2 chaos spawn (D:11)
  6 hogs (D:12)
  3 fire bats (Lair:4)
  27 redbacks
  6 vampire mosquitoes
  3 steam dragons
  A harpy simulacrum (Gauntlet)
  A warg (Orc:1)
  11 water moccasins
  5 acid dragons
  15 orc warriors
  4 sky beasts
  2 ice beasts
  An ice dragon simulacrum (Gauntlet)
  25 ogres
  2 black bears (D:8)
  8 centaurs
  35 wolves
  2 kobold brigands
  2 gnoll sergeants (D:8)
  10 bullfrogs
  3 scorpions
  6 wights
  2 killer bees (D:10)
  An electric eel (D:10)
  A howler monkey (D:8)
  2 hounds
  A gnoll bouda (D:3)
  4 jellies
  16 orc priests
  A sleepcap (D:8)
  4 iguanas
  19 orc wizards
  A hell rat (Sewer)
  2 lightning spires (Gauntlet)
  A boggart simulacrum (Gauntlet)
  10 adders
  18 gnolls
  2 river rats (Sewer)
  A shadow imp (D:6)
  A white imp (D:7)
  An ufetubus (D:5)
  2 worms (D:3)
  5 dart slugs
  67 orcs
  A bat (D:2)
  9 endoplasms
  10 giant cockroaches
  5 goblins
  5 hobgoblins
  2 jackals (D:1)
  8 kobolds
  5 quokkas
  9 ball pythons
  4 frilled lizards
  11 rats
  A spectral goblin (D:1)
  A butterfly (Lair:5)
  A tentacle (Shoals:2)
905 creatures vanquished.

Vanquished Creatures (collateral kills)
  Nikola (Lair:3)
  A hornet (D:10)
2 creatures vanquished.

Vanquished Creatures (others)
  A killer bee (D:10)
  5 bushes
  20 fungi
  250 plants
  14 tentacles (Shoals:2)
290 creatures vanquished.

Grand Total: 1197 creatures vanquished

Notes
Turn   | Place    | Note
-------+----------+-------------------------------------------
     0 | D:1      | ultrashaft the Gargoyle Earth Elementalist began the quest
                  | for the Orb.
     0 | D:1      | Reached XP level 1. HP: 10/10 MP: 3/3
   183 | D:1      | Reached XP level 2. HP: 15/15 MP: 1/5
   359 | D:1      | Found Irphih's Distillery.
   474 | D:1      | Found a faded altar of an unknown god.
   601 | D:1      | Reached XP level 3. HP: 19/19 MP: 4/6
   696 | D:1      | Learned a level 3 spell: Stone Arrow
  1228 | D:2      | Noticed Sigmund
  1402 | D:2      | Reached skill level 1 in Conjurations
  1477 | D:1      | Reached XP level 4. HP: 22/24 MP: 3/8
  1541 | D:2      | Reached skill level 5 in Earth Magic
  1688 | D:2      | Identified the ring "Igec" {rC+ Will+ Dex+3 SInv}
  2306 | D:3      | Reached XP level 5. HP: 21/28 MP: 3/9
  2610 | D:3      | Found a shimmering altar of Xom.
  2807 | D:3      | Reached XP level 6. HP: 9/32 MP: 2/11
  2932 | D:3      | Noticed rundlesten's ghost (amateur OpHW)
  2934 | D:3      | Found a transporter.
  2953 | D:3      | Found a transporter.
  3260 | D:2      | Killed Sigmund
  3839 | D:4      | Learned a level 4 spell: Petrify
  3846 | D:4      | Reached XP level 7. HP: 36/36 MP: 11/13
  4292 | D:5      | Entered Level 5 of the Dungeon
  4413 | D:5      | Found a glowing drain.
  4449 | Sewer    | Entered a sewer
  4569 | Sewer    | HP: 1/36 [hell rat (5)]
  4951 | D:5      | Reached skill level 1 in Maces & Flails
  5025 | D:5      | Found a staircase to the Ecumenical Temple.
  5037 | Temple   | Entered the Ecumenical Temple
  5245 | Temple   | Became a worshipper of Sif Muna the Loreminder
  5682 | D:5      | Reached XP level 8. HP: 41/41 MP: 8/15
  5885 | D:6      | Reached skill level 5 in Spellcasting
  5885 | D:6      | Reached skill level 5 in Conjurations
  5885 | D:6      | Reached skill level 1 in Transmutations
  6165 | D:6      | Found an iron altar of Okawaru.
  7123 | D:7      | Noticed Joseph
  7233 | D:7      | Reached XP level 9. HP: 45/45 MP: 10/17
  7305 | D:7      | Reached * piety under Sif Muna
  7418 | D:6      | Identified 2 scrolls of acquirement
  7418 | D:6      | Acquired 827 gold pieces
  7420 | D:6      | Acquired the ring "Qelapt" {rF++ rN+ rCorr Str-5 Int+4}
  7713 | D:7      | Found Duuqol's CLEARANCE SALE!.
  7720 | D:7      | Bought a wand of acid (4) for 117 gold pieces
  7855 | D:1      | Bought a potion of mutation for 96 gold pieces
  7855 | D:1      | Bought 2 potions of brilliance for 96 gold pieces
  7855 | D:1      | Bought a potion of curing for 36 gold pieces
  7855 | D:1      | Bought a potion of resistance for 120 gold pieces
  7855 | D:1      | Bought a potion of brilliance for 48 gold pieces
  7855 | D:1      | Bought a potion of flight for 36 gold pieces
  8355 | D:7      | Found a radiant altar of Vehumet.
  8437 | D:7      | Killed Joseph
  8751 | D:8      | Noticed a troll
  8768 | D:8      | Reached skill level 1 in Fighting
  8854 | D:8      | Reached skill level 2 in Fighting
  8854 | D:8      | Reached skill level 1 in Invocations
  8999 | D:8      | Reached skill level 3 in Fighting
  8999 | D:8      | Reached XP level 10. HP: 56/56 MP: 8/20
  9056 | D:8      | Noticed a red ugly thing
  9066 | D:8      | Killed a red ugly thing
  9170 | D:8      | Noticed Erica
  9175 | D:8      | Killed Erica
  9176 | D:8      | Reached skill level 4 in Fighting
  9413 | D:8      | Reached skill level 5 in Fighting
  9452 | D:8      | Reached skill level 5 in Invocations
  9631 | D:8      | Reached ** piety under Sif Muna
  9791 | D:8      | Found a burning altar of Makhleb.
 10219 | D:8      | Found a staircase to the Lair.
 10222 | D:8      | Reached skill level 6 in Fighting
 10388 | D:8      | Found Weorchi's General Store.
 10397 | D:8      | Bought a scroll of identify for 32 gold pieces
 10932 | D:9      | Found an opulent altar of Gozag.
 10954 | D:9      | Reached XP level 11. HP: 59/65 MP: 13/23
 12065 | D:10     | Entered Level 10 of the Dungeon
 12207 | D:10     | Found a stormy altar of Qazlal.
 12208 | D:10     | Found a broken altar of Ashenzari.
 12218 | D:10     | Noticed Maurice
 12221 | D:10     | Killed Maurice
 12311 | D:10     | Found a bloodstained altar of Trog.
 12454 | D:10     | Reached skill level 7 in Fighting
 12880 | D:10     | Noticed a two-headed ogre
 12895 | D:10     | Killed a two-headed ogre
 13059 | D:10     | Noticed Erolcha
 13065 | D:10     | Killed Erolcha
 13316 | Lair:1   | Entered Level 1 of the Lair of Beasts
 13484 | D:8      | Reached skill level 8 in Fighting
 13664 | D:8      | Reached *** piety under Sif Muna
 14180 | Lair:1   | Reached skill level 10 in Spellcasting
 14402 | Lair:1   | Learned a level 4 spell: Olgreb's Toxic Radiance
 14500 | Lair:1   | Noticed a lindwurm
 14510 | Lair:1   | Learned a level 2 spell: Poisonous Vapours
 14526 | Lair:1   | Killed a lindwurm
 14615 | Lair:1   | Reached XP level 12. HP: 68/75 MP: 19/26
 14746 | Lair:1   | Noticed Gastronok
 14900 | Lair:1   | Killed Gastronok
 14901 | Lair:1   | Reached skill level 5 in Poison Magic
 16371 | Lair:2   | Reached skill level 9 in Fighting
 16568 | Lair:2   | Reached **** piety under Sif Muna
 16660 | Lair:2   | Got Sif Muna's Handbook of Mortuary Poison
 16679 | Lair:2   | Learned a level 3 spell: Ignite Poison
 17329 | Lair:2   | Reached skill level 1 in Fire Magic
 17593 | Lair:2   | Reached XP level 13. HP: 28/81 MP: 20/27
 18119 | Lair:3   | Reached skill level 10 in Fighting
 18377 | Lair:3   | Found a hole to the Spider Nest.
 18379 | Lair:3   | Noticed Nergalle
 18395 | Lair:3   | Killed Nergalle
 18751 | Lair:3   | Found a staircase to the Shoals.
 19355 | Lair:4   | Found a gate leading to a gauntlet.
 19375 | Gauntlet | Entered a Gauntlet
 19375 | Gauntlet | Found a transporter.
 19483 | Gauntlet | Found a transporter.
 19486 | Gauntlet | Found a transporter.
 19487 | Gauntlet | Found a transporter.
 19495 | Gauntlet | Found a transporter.
 19498 | Gauntlet | Found a transporter.
 19500 | Gauntlet | Found a transporter.
 19504 | Gauntlet | Noticed a quicksilver ooze
 19507 | Gauntlet | Found a transporter.
 19510 | Gauntlet | Found a transporter.
 19511 | Gauntlet | Found a transporter.
 19518 | Gauntlet | Found a runed translucent door.
 19521 | Gauntlet | Found a transporter.
 19522 | Gauntlet | Found a transporter.
 19523 | Gauntlet | Found a transporter.
 19539 | Gauntlet | Found a transporter.
 19800 | Gauntlet | Killed a quicksilver ooze
 19834 | Gauntlet | Identified the ring "Nuguvyze" {+Blink Fly Int+6 Slay-5
                  | Stlth+}
 20017 | Gauntlet | Identified the amulet of Suamal {Reflect Dex+3 Slay+5 SH+5
                  | Stlth+}
 20045 | Gauntlet | Noticed a minotaur
 20054 | Gauntlet | Killed a minotaur
 20548 | Lair:4   | Reached skill level 11 in Fighting
 20667 | Lair:4   | Identified the +1 flail of Gahic {freeze, rC- Int+3 Dex+3}
 20752 | Lair:4   | Reached skill level 10 in Poison Magic
 21417 | Lair:4   | Found a viscous altar of Jiyva.
 21417 | Lair:4   | Found a staircase to the Slime Pits.
 21468 | Lair:4   | Learned a level 8 spell: Lehudib's Crystal Spear
 21530 | Lair:4   | Found an ornate altar of the Wu Jian Council.
 21532 | Lair:4   | Found a hide-covered altar of Uskayaw.
 22034 | Lair:4   | Gained mutation: Your large and strong wings let you fly.
                  | [Gargoyle growth]
 22034 | Lair:4   | Reached XP level 14. HP: 74/91 MP: 15/29
 22245 | Lair:5   | Entered Level 5 of the Lair of Beasts
 22285 | Lair:5   | Reached ***** piety under Sif Muna
 22288 | Lair:5   | Received a gift from Sif Muna
 22289 | Lair:5   | Reached skill level 12 in Fighting
 22559 | Lair:5   | Got Sif Muna's Almanac of Energy {god gift}
 22568 | Lair:4   | Learned a level 5 spell: Iskenderun's Battlesphere
 23037 | Lair:5   | Found a runed translucent door.
 23386 | Lair:5   | Learned a level 3 spell: Mephitic Cloud
 24648 | D:11     | Reached skill level 10 in Invocations
 24805 | D:11     | Found a staircase to the Orcish Mines.
 25655 | D:11     | Found the +7 mace of Variability {chaos, chaos arc}
 25657 | D:11     | Found a shimmering altar of Xom.
 25977 | Orc:1    | Entered Level 1 of the Orcish Mines
 26481 | Orc:2    | Entered Level 2 of the Orcish Mines
 26562 | Orc:2    | Found a frozen archway.
 26624 | Orc:2    | Reached skill level 13 in Fighting
 26641 | Orc:2    | Reached XP level 15. HP: 88/98 MP: 0/31
 26647 | Orc:2    | Reached skill level 10 in Earth Magic
 26674 | Orc:2    | Found Duewn's Distillery.
 26674 | Orc:2    | Found Olexkiorgh's Jewellery Boutique.
 26790 | Orc:2    | Found Qituf's Distillery.
 26790 | Orc:2    | Found Qoeduodd's General Store.
 26797 | Orc:2    | Bought a potion of heal wounds for 70 gold pieces
 26797 | Orc:2    | Bought a potion of curing for 42 gold pieces
 26797 | Orc:2    | Bought a potion of ambrosia for 112 gold pieces
 26797 | Orc:2    | Bought a potion of heal wounds for 70 gold pieces
 26797 | Orc:2    | Bought a potion of resistance for 140 gold pieces
 26799 | Orc:2    | Bought a wand of digging (7) for 441 gold pieces
 26799 | Orc:2    | Bought a potion of magic for 120 gold pieces
 26800 | Orc:2    | Bought a potion of cancellation for 128 gold pieces
 27091 | Orc:2    | Found a staircase to the Elven Halls.
 27686 | D:12     | Received a gift from Sif Muna
 27687 | D:12     | Got Sif Muna's Vademecum on the Sun and Composition {god
                  | gift}
 27713 | D:12     | Identified the +2 robe of Moral Flaws {Regen+ Dex+4 SInv}
 28239 | D:12     | Noticed Kirke
 28249 | D:12     | Killed Kirke
 29610 | D:13     | Found a gate to the Vaults.
 29616 | D:13     | Reached skill level 10 in Conjurations
 30329 | Shoals:1 | Entered Level 1 of the Shoals
 30329 | Shoals:1 | Noticed Nikola
 30487 | Lair:3   | Killed Nikola
 30488 | Lair:3   | Reached skill level 14 in Fighting
 30965 | Shoals:1 | Identified the +0 hand axe of Pain and Death {flame, Dex+3
                  | SInv}
 31201 | Shoals:1 | Reached XP level 16. HP: 102/106 MP: 13/33
 31467 | Shoals:1 | Found Qoorum's Firing Range.
 32354 | Shoals:1 | Learned a level 5 spell: Lee's Rapid Deconstruction
 34321 | Shoals:2 | Noticed a kraken
 36916 | Shoals:3 | Noticed a tentacled monstrosity
 36923 | Shoals:3 | Killed a tentacled monstrosity
 37048 | Shoals:3 | Noticed a kraken
 37072 | Shoals:3 | Got the Vellum of Mad Ravings
 37074 | Shoals:3 | Identified the ring of Qylyitsu {rN+ SInv}
 37574 | Spider:1 | Entered Level 1 of the Spider Nest
 37613 | Spider:1 | Reached skill level 15 in Fighting
 37736 | Spider:1 | Noticed Josephine
 37746 | Spider:1 | Killed Josephine
 38102 | Spider:1 | Identified the +2 ring mail "Rutiet" {rN+ Regen+ Int-4}
 38261 | Spider:1 | Reached XP level 17. HP: 113/113 MP: 18/35
 39970 | Spider:2 | Received a gift from Sif Muna
 39973 | Spider:2 | Got Vurygex's Atlas of Conflict {god gift}
 41024 | Spider:3 | Learned a level 7 spell: Orb of Destruction
 41355 | Spider:3 | Noticed Arachne
 41833 | Spider:3 | Killed Arachne
 41845 | Spider:3 | Noticed Mara
 42062 | Shoals:4 | Entered Level 4 of the Shoals
 42729 | Shoals:4 | Reached skill level 15 in Spellcasting
 43011 | Shoals:4 | Got a barnacled rune of Zot
 43623 | Shoals:4 | Identified the staff of death "Orogohuck" {rF++ rN+ rCorr
                  | Int-2}
 44843 | Vaults:1 | Entered Level 1 of the Vaults
 44848 | Vaults:1 | Reached XP level 18. HP: 120/120 MP: 21/37
 44850 | Vaults:1 | Reached skill level 16 in Fighting
 47083 | Vaults:1 | Received a gift from Sif Muna
 47093 | Vaults:1 | Learned a level 6 spell: Iron Shot
 47216 | Vaults:1 | Noticed Zenata
 47509 | Vaults:1 | Reached skill level 15 in Earth Magic
 47939 | Vaults:1 | Reached skill level 1 in Shields
 48044 | Vaults:1 | HP: 3/122 [+2 glaive of protection[Zenata] (18)]
 48045 | Vaults:1 | Slain by a +0 mace of protection

Illustrated notes

Levels and vault maps discovered:
D:1:      dpeg_arrival_tiny_f, layout_basic, serial_shops, shop,
          dreamdust_ecumenical_altar_drowned_temple
D:2:      layout_loops_ring, minmay_misc_feat_rugged, uniq_sigmund
D:3:      layout_loops_cross, lemuel_tele_altar, gammafunk_ghost_smash
D:4:      layout_cave_pods
D:5:      layout_cave_pools, minmay_temple_entry_statues_pillars,
          cheibrodos_sewer_entry_drain, minivault_24
D:6:      layout_basic, okawaru_gym_becter
D:7:      nicolae_BIG_FREAKIN_CUBE, layout_gridville, marbit_many_paths,
          small_statue_intersection, minmay_misc_feat_tiny,
          nicolae_shop_clearance, uniq_joseph
D:8:      hangedman_cross_stitches, layout_loops_ring,
          nicolae_overflow_crystal_walls, minmay_lair_entry_grove, serial_shops,
          shop, david_defended_altar_orc, uniq_erica
D:9:      layout_loops_corners, mainiacjoe_overflow_surrounded_room
D:10:     layout_long_grid, nicolae_overflow_squiral, trog_book, serial_glass,
          glass_columns_c, glass_columns_a, uniq_erolcha, uniq_maurice
D:11:     wad_woods_tower, layout_cave_pools, david_orc_2, serial_park,
          serial_park_tiny_pond, mrwooster_statue_mirror,
          hangedman_abyss_or_decor_stagger, minmay_guarded_unrand_variability
D:12:     layout_small_grid, uniq_kirke
D:13:     layout_long_grid, erik_vaults_2, st_stairs_9
Temple:   eino_narrow_crystal_temple
Lair:1:   layout_cave_pods, grunt_forest_large_clearings,
          infiniplex_staircase_pool_2, grunt_megastairs_2, uniq_gastronok
Lair:2:   minmay_lair_oklob_chamber, layout_cave_pods,
          chequers_serial_rivers_marsh, chequers_serial_rivers_room_b
Lair:3:   layout_regular_city, elwin_shoals_entry_rocks, spider_nest_entry_a,
          uniq_nergalle
Lair:4:   layout_regular_city, nicolae_slime_entry_slimehenge,
          nicolae_volcano_entry_batcave, gauntlet_entry_generic, st_stairs_10,
          nzn_masters_of_martial_movement, infiniplex_staircase_pool
Lair:5:   wormcave, layout_misc_corridors, lemuel_fruit_fields
Shoals:1: layout_shoals, nicolae_shop_firing_range, uniq_nikola
Shoals:2: layout_shoals, yaktaur_hedge
Shoals:3: dreamdust_from_the_deep, layout_shoals,
          nicolae_shoals_spring_well_temple
Shoals:4: shoals_end_grunt_garden, layout_shoals
Spider:1: layout_spider_delve, uniq_josephine
Spider:2: layout_spider_delve
Spider:3: layout_spider_delve, uniq_mara, uniq_bai_suzhen, uniq_arachne
Orc:1:    layout_diamond_mine
Orc:2:    st_orc_ogre_mass, layout_caves, portal_ice_cave_entry_pillars_2,
          basic_altar, library_closet
Vaults:1: ontoclasm_vaults_decontamination, vaults_room_fours,
          nicolae_vaults_twisting_passages, nicolae_vaults_stairing_the_circle,
          v_misc_18, nicolae_vaults_meeting, vaults_room_door_hall,
          nicolae_vaults_six-pack, ontoclasm_vaults_gateway,
          nicolae_vaults_diamond_1, nicolae_vaults_tetromino_L_2,
          layout_vaults_omnicross, uniq_zenata

Skill      XL: |  1  2  3  4  5  6  7  8  9 10 11 12 13 14 15 16 17 18 |
---------------+-------------------------------------------------------+-----
Earth Magic    | 4 5 6 7 8 9 11 13 14 15 | 15.1
Conjurations   | 1 2 3 4 6 7 8 10 11 13 | 13.7
Spellcasting   | 3 4 5 7 8 10 11 12 13 14 15 | 15.5
Maces & Flails | 1 2 |  2.0
Transmutations | 2 3 |  3.0
Fighting       | 3 6 8 9 11 13 14 15 16 | 16.5
Invocations    | 2 6 8 10 11 13 14 | 14.8
Poison Magic   | 2 8 10 | 10.1
Fire Magic     | 2 4 |  4.8
Shields        | 1 |  1.2
Dodging        | |  1.5
Stealth        | |  2.1

Action                     |  1- 3 |  4- 6 |  7- 9 | 10-12 | 13-15 | 16-18 || total
---------------------------+-------+-------+-------+-------+-------+-------++-------
  Melee: Unarmed           |    12 |     1 |       |       |       |       ||    13
         Whip              |       |    12 |    74 |   115 |   103 |       ||   304
         Punch             |       |       |     1 |     1 |     1 |     1 ||     4
         Flail             |       |       |       |       |       |    26 ||    26
   Cast: Sandblast         |    44 |    67 |    34 |    12 |    15 |    83 ||   255
         Stone Arrow       |       |     6 |    79 |   276 |   429 |   507 ||  1297
         Olgreb's Toxic Ra |       |       |       |     5 |    42 |    66 ||   113
         Poisonous Vapours |       |       |       |     4 |    17 |    57 ||    78
         Ignite Poison     |       |       |       |     4 |    29 |    52 ||    85
         Iskenderun's Batt |       |       |       |       |    10 |   100 ||   110
         Mephitic Cloud    |       |       |       |       |     3 |     2 ||     5
         Dragon's Call     |       |       |       |       |     1 |       ||     1
         Lee's Rapid Decon |       |       |       |       |       |     3 ||     3
         Orb of Destructio |       |       |       |       |       |     4 ||     4
         Iron Shot         |       |       |       |       |       |     9 ||     9
 Invoke: Channel Magic     |       |       |       |     1 |     7 |     8 ||    16
         Divine Exegesis   |       |       |       |       |     1 |       ||     1
  Evoke: Wand              |       |     1 |     9 |     8 |     3 |       ||    21
         Lightning rod     |       |       |       |       |     4 |       ||     4
    Use: Scroll            |       |       |    12 |    10 |     5 |     8 ||    35
         Potion            |       |       |       |     2 |     2 |     6 ||    10
 Armour: Robe              |    11 |    19 |    40 |     7 |    55 |   329 ||   461
         Steam dragon scal |       |       |       |   178 |       |       ||   178
         Leather armour    |       |       |       |    15 |   161 |       ||   176
  Dodge: Dodged            |    21 |    31 |    85 |   285 |   198 |   280 ||   900
  Block: Other             |       |       |       |       |    78 |   124 ||   202
         Reflection        |       |       |       |       |     5 |    10 ||    15
         Kite shield       |       |       |       |       |       |    12 ||    12
